 Dungeon Crawl Stone Soup version 0.29.0-4-gdea44cf6ec (webtiles) character file.

Game seed: 6074648954288183537

3 qw the Chopper (level 1, -3/12 HPs)
             Began as a Tengu Warper on Aug 28, 2022.
             Slain by a kobold
             ... wielding a +0 whip
              (5 damage)
             ... on level 1 of the Dungeon.
             The game lasted 00:00:00 (127 turns).

qw the Chopper (Tengu Warper)                        Turns: 127, Time: 00:00:01

Health: -3/12      AC:  3    Str: 11    XL:     1   Next: 50%
Magic:  4/4        EV: 11    Int: 13    God:
Gold:   30         SH:  0    Dex: 13    Spells: 4/4 levels left

rFire   . . .      SeeInvis .   a - +0 hand axe
rCold   . . .      Faith    .   (no shield)
rNeg    . . .      Spirit   .   b - +0 leather armour
rPois   .          Reflect  .   (helmet restricted)
rElec   .          Harm     .   (no cloak)
rCorr   .          Rampage  .   (no gloves)
Will    .....                   (boots unavailable)
Stlth   +.........              (no amulet)
HPRegen 0.04/turn               (no ring)
MPRegen 0.09/turn               (no ring)

@: lethally poisoned (-3 -> -5)
A: beak, talons 3
a: no special abilities


You were on level 1 of the Dungeon.
You visited 1 branch of the dungeon, and saw 1 of its levels.

You collected 30 gold pieces.


Innate Abilities, Weirdness & Mutations

You have a beak for a mouth.
You have claws for feet.


   Skills:
 - Level 2.0 Fighting
 + Level 2.5 Axes
 - Level 1.0 Throwing
 - Level 1.1 Armour
 - Level 2.1 Dodging
 - Level 2.0 Spellcasting
 - Level 2.4 Translocations


You had 4 spell levels left.
You didn't know any spells.
Your spell library contained the following spells:

 Spells                   Type           Power      Damage    Failure   Level
 Blink                    Tloc           14%        N/A       19%         2
 Gell's Gravitas          Tloc           7%         N/A       36%         3
 Lesser Beckoning         Tloc           7%         N/A       36%         3
 Teleport Other           Tloc           7%         N/A       36%         3
 Manifold Assault         Tloc           7%         N/A       98%         5

Inventory:

Hand Weapons
 a - a +0 hand axe (weapon)
Missiles
 d - 5 boomerangs of dispersal (quivered)
Armour
 b - a +0 leather armour (worn)
Jewellery
 g - a ring of willpower
Scrolls
 c - a scroll of blinking
 f - a scroll of teleportation {unknown}
Potions
 e - a potion of curing {unknown}
 h - a potion of haste {unknown}

Dungeon Overview and Level Annotations

Branches:
Dungeon (1/15)

Altars:


Message History

The kobold hits the withered plant with a +2 short sword of venom.
The withered plant begins to crumble.
The kobold hits the plant with a +0 whip.
The kobold hits the withered plant with a +2 short sword of venom.
The kobold hits the plant with a +0 whip.
A nearby plant withers and dies.
The kobold hits the withered plant with a +2 short sword of venom.
The kobold hits the plant with a +0 whip.
The plant begins to die.
The kobold hits the withered plant with a +2 short sword of venom.
The withered plant begins to crumble.
The kobold hits the withered plant with a +0 whip.
The withered plant begins to crumble.
The kobold hits the plant with a +0 whip.
The kobold throws a stone.
The stone hits you but does no damage.
Something hits the plant.
The withered plant crumbles away.
You hit the kobold. Your kick misses the kobold.
The kobold is severely wounded.
The withered plant crumbles away.
A nearby plant withers and dies.
The kobold barely misses you.
You closely miss the kobold. Your kick misses the kobold.
Your peck misses the kobold.
The kobold is severely wounded.
The kobold hits you with a +2 short sword of venom.
You are lethally poisoned!
You hit the kobold.
You kill the kobold!
You feel very sick.
Throw: 5 boomerangs (disperse)
Press: ? - help, Q - select action Shift-Dir - straight line, f - kobold Your line of fire to the kobold is blocked by a withered plant.
You feel sick.
There is a lethal amount of poison in your body!
You feel sick.
You feel sick.
You hit the kobold.
The kobold is moderately wounded.
You feel sick. The kobold hits you with a +0 whip.
You die...

#.##~~~.~~~####.#
#..+.¤¤¤~¤.'.##.#
#.##~.....~#....#
#.##~¤.<.~~##.#..#
#..#~....¤~##.##.+
#..'¤¤~~~~.¤..# ##
#.##~~~.¤~¤#.##
#..####.####.#
#.......# #@##
#.####### #K.# #.#
##'# #.# #P.P.P#
####.#


#PP.PP# #....# #P.PPP# ###### #..P.P# ##P..## ##.## You could see a kobold.

Vanquished Creatures
  2 endoplasms (D:1)
  A kobold (D:1)
3 creatures vanquished.

Vanquished Creatures (others)
  2 plants (D:1)
  6 withered plants (D:1)
8 creatures vanquished.

Grand Total: 11 creatures vanquished

Notes
Turn   | Place    | Note
-------+----------+-------------------------------------------
     0 | D:1      | qw the Tengu Warper began the quest for the Orb.
     0 | D:1      | Reached XP level 1. HP: 12/12 MP: 4/4
     0 | D:1      | 0 ||| qw: Version: 0.1-a-89-g26bdef1
     0 | D:1      | 0 ||| qw: Game counter: 2766
     0 | D:1      | 0 ||| qw: Always use a shield: true
     0 | D:1      | 0 ||| qw: God list: Okawaru
     0 | D:1      | 0 ||| qw: Allow faded altars: false
     0 | D:1      | 0 ||| qw: Do Orc after D:15 true
     0 | D:1      | 0 ||| qw: Do second Lair branch before Depths: true
     0 | D:1      | 0 ||| qw: Lair rune preference: random
     0 | D:1      | 0 ||| qw: Plans: Normal
     0 | D:1      | 0 ||| PLANNING D:1-11
   106 | D:1      | Found a faded altar of an unknown god.
   127 | D:1      | HP: 2/12 [poisoned by a kobold]
   127 | D:1      | Slain by a kobold

Levels and vault maps discovered:
D:1:      ncdulo_lavacross, layout_basic, shapermc_ecumenical_altar_flowoftime,
          amcnicky_mini_pool_small, glass_columns_b

Action                   || total
-------------------------++-------
Melee: Hand axe          ||     4
Throw: Boomerang         ||     2
Armor: Leather armour    ||     1
Dodge: Dodged            ||     1

Table legend:
 A = Non-vault XP
 B = Vault XP
 C = Vault XP percentage of total XP
 D = Non-vault monster count
 E = Vault monster count
 F = Vault count percentage of total count
                 A         B        C        D         E       F
            +---------+---------+-------+---------+---------+-------
      Total |       5 |       0 |   0.0 |       3 |       0 |   0.0
            +---------+---------+-------+---------+---------+-------
        D:1 |       5 |       0 |   0.0 |       3 |       0 |   0.0
            +---------+---------+-------+---------+---------+-------
